 Dungeon Crawl Stone Soup version 0.28.0-43-g3370ac3207 (webtiles) character file.

Game seed: 6798039624599774249

107 jimonade the Carver (level 4, -4/34 HPs)
             Began as a Gnoll Wanderer on Mar 17, 2022.
             Killed by nerve-wracking pain
             ... invoked by an orc priest
              (11 damage)
             ... on level 4 of the Dungeon.
             The game lasted 00:06:36 (3130 turns).

jimonade the Carver (Gnoll Wanderer)                Turns: 3130, Time: 00:06:37

Health: -4/34      AC: 11    Str: 14    XL:     4   Next: 86%
Magic:  6/6        EV:  7    Int:  9    God:
Gold:   191        SH:  0    Dex: 13    Spells: 5/5 levels left

rFire   . . .      SeeInvis +   r - +2 trident (venom)
rCold   . . .      Faith    .   (no shield)
rNeg    . . .      Spirit   .   q - +0 chain mail
rPois   .          Reflect  .   (no helmet)
rElec   .          Harm     .   u - +2 cloak
rCorr   +          Rampage  .   (no gloves)
Will    .....                   (no boots)
Stlth   ..........              (no amulet)
HPRegen 0.11/turn               s - ring of resist corrosion
MPRegen 0.10/turn               v - ring of see invisible

@: no status effects
A: fangs 1, strong nose, distributed training
a: no special abilities


You were on level 4 of the Dungeon.
You visited 1 branch of the dungeon, and saw 4 of its levels.

You collected 191 gold pieces.

Inventory:

Hand Weapons
 a - a +2 hand axe
 b - a +0 falchion
 h - a +0 spear
 r - a +2 trident of venom (weapon)
Missiles
 c - 20 sling bullets
 e - 52 bolts
 i - 129 stones (quivered)
 l - 2 poisoned darts
 n - 27 arrows
Armour
 d - a +0 leather armour
 j - a +0 ring mail
 q - a +0 chain mail (worn)
 u - a +2 cloak (worn)
Jewellery
 m - a ring of ice
 s - a ring of resist corrosion (left hand)
 v - a ring of see invisible (right hand)
Scrolls
 f - 2 scrolls of identify {unknown}
 t - a scroll of teleportation {unknown}
Potions
 g - 2 potions of flight {unknown}
 k - 2 potions of ambrosia {unknown}
 o - a potion of heal wounds {unknown}
 p - a potion of curing {unknown}


   Skills:
 + Level 2.8 Fighting
 + Level 1.2 Short Blades
 + Level 8.6 Long Blades
 + Level 4.7 Axes
 + Level 1.2 Maces & Flails
 + Level 1.2 Polearms
 + Level 1.2 Staves
 + Level 1.2 Slings
 + Level 1.2 Bows
 + Level 1.2 Crossbows
 + Level 1.2 Throwing
 + Level 1.2 Armour
 + Level 4.7 Dodging
 + Level 1.2 Stealth
 + Level 1.2 Shields
 + Level 1.2 Unarmed Combat
 + Level 1.2 Spellcasting
 + Level 1.0 Conjurations
 + Level 1.0 Hexes
 + Level 1.0 Summonings
 + Level 1.0 Necromancy
 + Level 1.0 Translocations
 + Level 1.0 Transmutations
 + Level 1.0 Fire Magic
 + Level 1.0 Ice Magic
 + Level 1.0 Air Magic
 + Level 1.0 Earth Magic
 + Level 1.0 Poison Magic
 + Level 2.9 Invocations
 + Level 1.2 Evocations


You had 5 spell levels left.
You didn't know any spells.
Your spell library contained the following spells:

 Spells                   Type           Power      Damage    Failure   Level
 Pain                     Necr           8%         1d4       100%        1
 Agony                    Necr           2%         N/A       100%        5
 Excruciating Wounds      Necr           1%         N/A       100%        5


Dungeon Overview and Level Annotations

Branches:
Dungeon (4/15)
 Temple: D:4-7

Altars:

Shops:
D:2 (


Innate Abilities, Weirdness & Mutations

You have very sharp teeth.
Your uncanny sense of smell can sniff out nearby items.
Your experience applies equally to all skills.


Message History

You kill the orc!
An orc priest comes into view. It is wielding a +0 hand axe.
The orc priest shouts!
An orc comes into view. It is wielding a +0 war axe.
Things that are here:
a +0 hand axe; a +0 leather armour; an orc corpse An orc comes into view.
It is wielding a +0 short sword.
The orc shouts! x2; You hear a shout!
An orc comes into view. It is wielding a +0 dagger.
A hound comes into view.
The orc priest begins to cast a cantrip, but forgets the words!
You throw a stone. The hound barks!
The stone hits the orc priest but does no damage.
You hear a shout!
You closely miss the orc priest.
The orc priest hits you but does no damage.
You closely miss the orc priest.
The orc priest hits you with a +0 hand axe.
You closely miss the orc. You punch the orc, but do no damage.
You bite the orc.
The orc is moderately wounded.
You hit the orc.
The orc is poisoned.
The orc is heavily wounded.
The orc priest calls down the wrath of Beogh upon you.
Beogh smites you! The orc hits you with a +0 short sword.
You hear a shout!
Unknown command.
Unknown command.
You kill the orc!
An orc wizard comes into view. It is wielding a +0 dagger of venom.
Found a fizzy purple potion.
The orc priest calls down the wrath of Beogh upon you.
Beogh smites you!
* * * LOW HITPOINT WARNING * * *
The orc wizard mumbles some strange words.
The orc wizard flickers and vanishes for a moment.
The orc priest mumbles some strange prayers to Beogh against you.
Pain shoots through your body!
You die...

..............# .......h .#.#
....).....##..> .##.........#..#
...........#)..##................
.........####.........!..........
.........####....................
..........#..........!#o##.......
............##.##.....#..........
........##..#....#..# #.)........
.##[....##..#...@#..###(.........
###......#.........oohoo.#.....#.
....................##.........#
...##...#..........###....#....#
... #.#.##......#.####...##....#
...####...........###...## #.....
..................#....## .....
.#...##.............#..# ..... .
#...#....#..#..### .....


You could see a hound, an orc priest, an orc wizard (invisible) and 2 orcs.

Vanquished Creatures
  2 gnolls (D:1)
  4 adders
  A dart slug (D:2)
  3 orcs
  3 bats (D:1)
  3 endoplasms
  A giant cockroach (D:2)
  8 goblins
  3 hobgoblins
  7 jackals (D:1)
  A quokka (D:2)
  4 ball pythons
  5 rats
45 creatures vanquished.

Notes
Turn   | Place    | Note
-------+----------+-------------------------------------------
     0 | D:1      | jimonade the Gnoll Wanderer began the quest for the Orb.
     0 | D:1      | jimonade set off with the following items: a +2 hand axe, a
                  | +0 falchion, a +0 cloak, a +0 leather armour
     0 | D:1      | Reached XP level 1. HP: 17/17 MP: 2/2
   169 | D:1      | Reached XP level 2. HP: 20/23 MP: 3/3
   565 | D:1      | Reached XP level 3. HP: 26/28 MP: 4/4
  1386 | D:2      | Reached skill level 1 in Short Blades
  1386 | D:2      | Reached skill level 1 in Maces & Flails
  1386 | D:2      | Reached skill level 1 in Polearms
  1386 | D:2      | Reached skill level 1 in Staves
  1386 | D:2      | Reached skill level 1 in Slings
  1386 | D:2      | Reached skill level 1 in Bows
  1386 | D:2      | Reached skill level 1 in Crossbows
  1386 | D:2      | Reached skill level 1 in Throwing
  1386 | D:2      | Reached skill level 1 in Armour
  1386 | D:2      | Reached skill level 1 in Stealth
  1386 | D:2      | Reached skill level 1 in Shields
  1386 | D:2      | Reached skill level 1 in Unarmed Combat
  1386 | D:2      | Reached skill level 1 in Spellcasting
  1386 | D:2      | Reached skill level 1 in Evocations
  1466 | D:2      | Found Yfungo's Weapon Boutique.
  1602 | D:2      | Reached XP level 4. HP: 34/34 MP: 6/6
  2046 | D:3      | Reached skill level 1 in Conjurations
  2046 | D:3      | Reached skill level 1 in Hexes
  2046 | D:3      | Reached skill level 1 in Summonings
  2046 | D:3      | Reached skill level 1 in Necromancy
  2046 | D:3      | Reached skill level 1 in Translocations
  2046 | D:3      | Reached skill level 1 in Transmutations
  2046 | D:3      | Reached skill level 1 in Fire Magic
  2046 | D:3      | Reached skill level 1 in Ice Magic
  2046 | D:3      | Reached skill level 1 in Air Magic
  2046 | D:3      | Reached skill level 1 in Earth Magic
  2046 | D:3      | Reached skill level 1 in Poison Magic
  3130 | D:4      | Killed from afar by an orc priest

Illustrated notes

Levels and vault maps discovered:
D:1:      saegor_arrival_miasma, layout_loops_cross
D:2:      layout_basic, serial_shops, nicolae_shop_bloodbath_and_beyond
D:3:      layout_basic, minmay_misc_feat_tower, minmay_misc_feat_columns
D:4:      layout_cave_pools

Skill      XL: |  1  2  3  4 |
---------------+-------------+-----
Short Blades   | 1 |  1.2
Maces & Flails | 1 |  1.2
Polearms       | 1 |  1.2
Staves         | 1 |  1.2
Slings         | 1 |  1.2
Bows           | 1 |  1.2
Crossbows      | 1 |  1.2
Throwing       | 1 |  1.2
Armour         | 1 |  1.2
Stealth        | 1 |  1.2
Shields        | 1 |  1.2
Unarmed Combat | 1 |  1.2
Spellcasting   | 1 |  1.2
Evocations     | 1 |  1.2
Conjurations   | 1 |  1.0
Hexes          | 1 |  1.0
Summonings     | 1 |  1.0
Necromancy     | 1 |  1.0
Translocations | 1 |  1.0
Transmutations | 1 |  1.0
Fire Magic     | 1 |  1.0
Ice Magic      | 1 |  1.0
Air Magic      | 1 |  1.0
Earth Magic    | 1 |  1.0
Poison Magic   | 1 |  1.0
Fighting       | |  2.8
Long Blades    | |  8.6
Axes           | |  4.7
Dodging        | |  4.7
Invocations    | |  2.9

Action                   |  1- 3 |  4- 6 || total
-------------------------+-------+-------++-------
Melee: Hand axe          |   103 |    29 ||   132
       Bite              |     6 |     2 ||     8
       Punch             |     1 |     1 ||     2
       Trident           |       |     9 ||     9
Throw: Stone             |     3 |     8 ||    11
Armor: Leather armour    |    12 |       ||    12
       Ring mail         |    11 |    10 ||    21
       Chain mail        |       |     2 ||     2
Dodge: Dodged            |    65 |    15 ||    80
